Unix NetHack Version 3.7.0-66 Work-in-progress - last build Oct 24 2022 02:09:04 (0cf9ee0665dfd4e3628fd2b6ead320895a4d4695,branch:master). Game began 2022-10-29 07:44:36, ended 2022-10-29 08:22:53. torpedovariant, neutral female human Tourist --------------- |.............| - ---|--.----+- ..|-.| ---|-..--- +--........--+- ........(.....| --------|--..-- |[..%...@.| .- |.=.!@a.(/| . ----------- .| Torpedovariant the Excursionist St:14 Dx:14 Co:15 In:12 Wi:9 Ch:15 Neutral Dlvl:6 $:1074 HP:0(53) Pw:21(21) AC:8 Exp:6 T:6896 Burdened Latest messages: You see here a gnome corpse (for sale, 7 zorkmids). Pick an object. Pick an object. You see here a scroll called identify (for sale, 36 zorkmids). "For you, most gracious lady; only 36 zorkmids for this scroll called identify." You have a little trouble lifting U - a scroll called identify (unpaid, 36 zorkmids). You see here a gnome corpse (for sale, 7 zorkmids). A scroll called identify for 36 zorkmids. Pay? [yn] (n) You bought a scroll called identify for 36 gold pieces. "Thank you for shopping in Sipaliwini's general store!" Pick an object. (For instructions type a '?') Pick an object. You see here a chest (for sale, 2253 zorkmids). In what direction? There is a chest here. Check it for traps? [ynq] (q) You find no traps on the chest. There is a chest here. Check it for traps? y You find no traps on the chest. There is a chest here. Check it for traps? y You find no traps on the chest. There is a chest here. Check it for traps? y You find no traps on the chest. There is a chest here. Check it for traps? y You find no traps on the chest. There is a chest here. Check it for traps? y You find no traps on the chest. There is a chest here. Check it for traps? y You find no traps on the chest. You see a soldier ant hatch. There is a chest here. Check it for traps? y You find no traps on the chest. There is a chest here. Check it for traps? y You find no traps on the chest. The soldier ant bites! The soldier ant stings! The soldier ant bites! The soldier ant stings! What do you want to use or apply? [d-fik-mtvxKOSY or ?*] In what direction? The soldier ant is blinded by the flash! The soldier ant bites! The soldier ant stings! The soldier ant bites! The soldier ant misses! The soldier ant bites! The soldier ant stings! You die... Sipaliwini gratefully inherits all your possessions. Do you want to see what you had when you died? [ynq] (y) Inventory: Coins $ - 1074 gold pieces Amulets g - an uncursed amulet of magical breathing (being worn) Weapons a - an uncursed +0 elven dagger named +0 (weapon in hand) q - 21 uncursed +2 darts u - 4 uncursed +0 daggers named +0 Q - 7 uncursed +0 daggers named +0 (at the ready) Armor A - a blessed +0 Hawaiian shirt with a hula dancer motif (being worn) B - a cursed -2 studded leather armor C - an uncursed +0 dwarvish cloak (being worn) D - an uncursed +0 pair of iron shoes F - an uncursed +0 orcish helm (being worn) G - an uncursed +0 orcish shield (being worn) T - an uncursed +0 pair of jumping boots V - a cursed -2 pair of iron shoes (being worn) Comestibles h - an uncursed tripe ration x - 2 cursed eucalyptus leaves Scrolls b - 2 uncursed scrolls of identify j - an uncursed scroll of identify n - 4 uncursed scrolls of magic mapping r - a cursed scroll of teleportation z - 2 uncursed scrolls of light J - 2 uncursed scrolls of remove curse N - an uncursed scroll of enchant armor R - an uncursed scroll of teleportation U - a blessed scroll of identify Potions I - an uncursed potion of healing Rings H - a cursed ring of hunger named cursed Wands d - an uncursed wand of teleportation (0:6) Tools e - an uncursed stethoscope f - an uncursed tin whistle i - an uncursed mirror k - an uncursed skeleton key l - an uncursed leash m - an uncursed expensive camera (0:72) t - an uncursed towel v - an uncursed magic lamp (lit) K - an uncursed tooled horn O - an uncursed partly used tallow candle S - an uncursed oil lamp Y - a cursed tallow candle Torpedovariant the Tourist's attributes: Background: You were an Excursionist, a level 6 female human Tourist. You were neutral, on a mission for The Lady who was opposed by Blind Io (lawful) and Offler (chaotic). You were in the Gnomish Mines, on level 6. You entered the dungeon 6896 turns ago. You had 494 experience points, 146 more were needed to attain level 7. Basics: You had 0 out of 53 hit points. You had all 21 energy points (spell power). Your armor class was 8. Your wallet contained 1074 zorkmids. Autopickup was on, but temporarily disabled while inside the shop. Final Characteristics: Your strength was 14 (limit:18/100). Your dexterity was 14 (limit:18). Your constitution was 15 (limit:18). Your intelligence was 12 (limit:18). Your wisdom was 9 (limit:18). Your charisma was 15 (limit:18). Final Status: You were not hungry. You were burdened; movement was slightly slowed. You were wielding a dagger. You were skilled in dagger. Final Attributes: You were piously aligned. You were telepathic. You could survive without air. You were warded. You are dead. Miscellaneous: You never encountered a bones level. Total elapsed playing time was 38 minutes and 17 seconds. Major events: Turn 1: torpedovariant the neutral female human Tourist entered the dungeon 1172: entered the Gnomish Mines 1437: attained the rank of Sightseer (level 3) 5671: attained the rank of Excursionist (level 6) 6815: reached Mine Town 6896: killed by a soldier ant Vanquished creatures: 2 Mordor orcs a rock piercer a yellow light 5 gnome leaders 2 gnomish wizards a straw golem 7 floating eyes 7 dwarves a homunculus a kobold leader 2 rothes a rabid rat an orc zombie 3 dwarf zombies 2 wererats 7 iguanas 3 acid blobs a coyote a gas spore 4 hobbits 2 manes 2 large kobolds a hobgoblin 9 giant rats 2 cave spiders a brown mold 2 yellow molds a green mold 33 gnomes 5 geckos 14 jackals a fox a kobold 5 goblins 9 sewer rats 14 grid bugs 6 lichens 2 kobold zombies 10 newts 173 creatures vanquished. No species were genocided or became extinct. Voluntary challenges: You were illiterate. You never engraved Elbereth. You never genocided any monsters. You never polymorphed an object. You never changed form. You used no wishes. Achievements: You entered the Gnomish Mines. You attained the rank of Sightseer. You entered a shop. You attained the rank of Excursionist. You entered Minetown. The Dungeons of Doom: levels 1 to 5 Level 1: An altar to The Lady, a fountain. Level 2: A general store. Stairs down to The Gnomish Mines. Level 3: "stash 0" An altar to The Lady. Level 4: Some fountains. Level 5: The Gnomish Mines: levels 3 to 6 Level 3: Level 4: "sel stash >" Level 5: Level 6: <- You were here. A general store. Final resting place for you, killed by a soldier ant. Game over: ---------- / \ / REST \ / IN \ / PEACE \ / \ | torpedovariant | | 1074 Au | | killed by a | | soldier ant | | | | | | 2022 | *| * * * | * _________)/\\_//(\/(/\)/\//\/|_)_______ Aloha torpedovariant the Tourist... You died in The Gnomish Mines on dungeon level 6 with 2297 points, and 1074 pieces of gold, after 6896 moves. You were level 6 with a maximum of 53 hit points when you died.